 Dungeon Crawl Stone Soup version 0.27.0-1-g7a089689b8 (webtiles) character file.

Game seed: 17049770368026939877

58 H0rd4k the Caller (level 4, 0/30 HPs)
             Began as a Barachi Summoner on Aug 3, 2021.
             Slain by an orc (6 damage)
             ... on level 4 of the Dungeon.
             The game lasted 00:05:08 (2556 turns).

H0rd4k the Caller (Barachi Summoner)                Turns: 2556, Time: 00:05:09

Health: 0/30       AC:  2    Str: 10    XL:     4   Next: 2%
Magic:  2/9        EV: 12    Int: 16    God:
Gold:   109        SH:  0    Dex: 12    Spells: 5/9 levels left

rFire    . . .     SeeInvis .   (no weapon)
rCold    . . .     Faith    .   (no shield)
rNeg     . . .     Spirit   .   a - +0 robe
rPois    .         Reflect  .   (no helmet)
rElec    .         Harm     .   (no cloak)
rCorr    .         Rampage  .   (no gloves)
Will     .....                  (no boots)
Stlth    ++........             (no amulet)
HPRegen  0.10/turn              (no ring)
MPRegen  0.11/turn              (no ring)

@: unable to hop, slow
A: amphibious, slowness 1, strong legs 1, +LOS
a: Hop


You were on level 4 of the Dungeon.
You visited 1 branch of the dungeon, and saw 4 of its levels.

You collected 109 gold pieces.

Inventory:

Armour
 a - a +0 robe (worn)
Scrolls
 b - a scroll of blinking {unknown}
 f - 2 scrolls of teleportation {unknown}
 g - 3 scrolls of fog {unknown}
 h - a scroll of identify {unknown}
Potions
 c - a potion of heal wounds {unknown}
 e - a potion of cancellation
 i - a potion of lignification {unknown}


   Skills:
 + Level 2.2 Dodging
 - Level 1.7 Stealth
 + Level 3.4 Spellcasting
 + Level 5.7 Summonings


You had 5 spell levels left.
You knew the following spells:

 Your Spells              Type           Power      Damage    Failure   Level
a - Summon Small Mammal   Summ           84%        N/A       1%          1
b - Call Canine Familiar  Summ           21%        N/A       4%          3

Your spell library contained the following spells:

 Spells                   Type           Power      Damage    Failure   Level
 Call Imp                 Summ           21%        N/A       2%          2
 Summon Guardian Golem    Hex/Summ       11%        N/A       17%         3
 Summon Lightning Spire   Summ/Air       11%        N/A       50%         4


Dungeon Overview and Level Annotations

Branches:
Dungeon (4/15)
 Temple: D:4-7

Altars:

Annotations:
D:1 exclusion: downstairs
D:2 Sigmund


Innate Abilities, Weirdness & Mutations

You are amphibious.
You cover ground slowly.
You can hop short distances.
You have an extended range of vision and can be seen from far away.


Message History

Your hound misses the bat. The gnoll misses your quokka.
The gnoll hits your hound with a +0 club.
Your hound dies!
Your hound's corpse disappears in a puff of smoke!
Unknown command.
The gnoll misses your quokka.
Your quokka bites the gnoll.
The gnoll hits your rat with a +0 club!
Your rat dies!
Your rat's corpse disappears in a puff of smoke!
Casting: Summon Small Mammal (safe; 1% risk of failure)
Confirm with . or Enter, or press ? or * to list all spells.
You don't have enough magic to cast this spell.
A gnoll is nearby!
The bat hits you but does no damage. The bat hits you.
The bat completely misses you. The bat hits you.
The bat hits you but does no damage. The bat closely misses you.
The bat hits you. The bat closely misses you.
The bat hits you but does no damage. The bat misses you.
The gnoll hits you with a +0 vorpal flail!
Hop to where?
Press: ? - help, Dir - move target Boing!
Unknown command.
You climb downwards.
An iguana and an orc come into view.
The orc shouts!
The iguana hisses angrily.
Found 13 gold pieces and a runed fluorescent wand.
There is a stone staircase leading up here.
An adder skeleton comes into view.
Casting: Summon Small Mammal (safe; 1% risk of failure)
Confirm with . or Enter, or press ? or * to list all spells.
The orc hits you with a +0 whip.
* * * LOW HITPOINT WARNING * * *
Unknown command.
Casting: Summon Small Mammal (safe; 1% risk of failure)
Confirm with . or Enter, or press ? or * to list all spells.
The orc hits you with a +0 whip.
You die...

#..#.##.#.## ... .
.......... .....
..##.....Z.##.....
......../..... ..#
..$.........##..#
...............#
........<.rr..#
.......##o...##
...... #@..##
...........##
##....###..# ....
...# #. ...# #
..### .# ##


You could see an orc (ally target), an adder skeleton and 2 friendly quokkas.

Vanquished Creatures (collateral kills)
  A hound (D:2)
  Natasha (D:2)
  A gnoll (D:3)
  An adder (D:3)
  2 dart slugs
  A ball python (D:2)
  4 bats
  2 hobgoblins (D:1)
  2 jackals (D:2)
  A quokka (D:2)
  5 frilled lizards
  2 goblins
  4 kobolds
  4 rats
31 creatures vanquished.

Notes
Turn   | Place    | Note
-------+----------+-------------------------------------------
     0 | D:1      | H0rd4k the Barachi Summoner began the quest for the Orb.
     0 | D:1      | Reached XP level 1. HP: 13/13 MP: 3/3
    78 | D:1      | Reached skill level 5 in Summonings
   298 | D:1      | Found a faded altar of an unknown god.
   655 | D:2      | Noticed Natasha
   817 | D:2      | Reached XP level 2. HP: 19/19 MP: 0/5
   865 | D:2      | Noticed Sigmund
  1666 | D:2      | Noticed a crimson imp
  1672 | D:2      | Killed Natasha
  1673 | D:2      | Reached XP level 3. HP: 24/24 MP: 1/7
  1677 | D:2      | Learned a level 3 spell: Call Canine Familiar
  1969 | D:2      | HP: 1/24 [hound (2)]
  2526 | D:3      | Reached XP level 4. HP: 19/30 MP: 1/9
  2556 | D:4      | Slain by an orc

Illustrated notes

Levels and vault maps discovered:
D:1:      amcnicky_arrival_choice, layout_rooms,
          ebering_ecumenical_altar_sacrificial
D:2:      layout_loops_ring, uniq_natasha, uniq_sigmund
D:3:      layout_basic, gammafunk_ghost_stat_death, feat_on_display
D:4:      layout_cave_pools, uniq_blork_the_orc

Skill      XL: |  1  2  3 |
---------------+----------+-----
Summonings     | 5 |  5.7
Spellcasting   | 3 |  3.4
Dodging        | |  2.2
Stealth        | |  1.7

Action                   |  1- 3 |  4- 6 || total
-------------------------+-------+-------++-------
Melee: Unarmed           |     5 |       ||     5
 Cast: Summon Small Mamm |   101 |     3 ||   104
       Call Canine Famil |     4 |       ||     4
 Abil: Hop               |     1 |     1 ||     2
  Use: Potion            |     3 |       ||     3
Armor: Robe              |    15 |     3 ||    18
Dodge: Dodged            |    52 |     4 ||    56
